Map: Berlingrad LE

Players

moochacho

  • Race: Terran Terran
  • League: Diamond
  • Spawn Location: 5:00

Pumba - Winner!

  • Race: Protoss Protoss
  • League: Diamond
  • Spawn Location: 11:00

VOD

Have the link to the VOD?

Description

Time

  • Played on: March 22, 2022, 6:31 p.m.
  • Length: 11:26
Show
View Real Time Build Order
Export as new Build Order

moochacho Terran 

Build Orders:  

Get SALT Encoding   

  12  0:00  SCV  
  13  0:12  SCV  
  14  0:17  Supply Depot  
  14  0:24  SCV  
  15  0:39  SCV, Barracks  
  16  0:44  Refinery  
  16  0:51  SCV  
  17  1:03  SCV  
  18  1:15  SCV  
  19  1:28  Orbital Command, Marine  
  20  1:46  Command Center  
  20  1:54  SCV  
  20  2:00  Supply Depot  
  21  2:06  SCV  
  22  2:09  Barracks Reactor  
  22  2:18  SCV  
  22  2:21  Barracks  
  23  2:29  Bunker  
  23  2:31  SCV  
  23  2:36  Barracks  
  24  2:43  SCV  
  25  2:46  Marine x2  
  27  2:57  SCV  
  28  2:59  Orbital Command  
  28  3:12  Marine x2  
  30  3:13  Barracks Tech Lab  
  30  3:15  SCV  
  31  3:26  Barracks Tech Lab  
  32  3:27  SCV x2  
  32  3:30  Marine  
  32  3:31  Marine  
  35  3:37  Marine  
  35  3:39  SCV x2, Stimpack  
  38  3:41  Supply Depot  
  38  3:46  Marine  
  39  3:48  Marine  
  39  3:51  SCV, Marine  
  39  3:52  SCV  
  43  3:57  Combat Shield  
  43  3:58  Refinery, Marine  
  44  4:03  SCV  
  44  4:04  SCV, Marine  
  44  4:07  Supply Depot  
  47  4:10  Marine x2  
  47  4:15  SCV  
  50  4:19  Marine  
  50  4:22  Marine  
  52  4:26  SCV  
  52  4:27  SCV  
  52  4:28  Marine x2  
  52  4:30  Supply Depot  
  56  4:34  Engineering Bay  
  56  4:36  Factory, Marine  
  57  4:38  SCV  
  57  4:39  SCV  
  57  4:40  Marine  
  60  4:46  Marine x2  
  60  4:51  SCV x2  
  64  4:55  Marauder  
  64  4:58  Marauder  
  68  5:00  Supply Depot  
  68  5:03  SCV x2  
  70  5:07  Supply Depot  
  70  5:21  Marine x3  
  70  5:22  Marauder  
  75  5:31  Refinery, Factory Reactor  
  75  5:32  Starport  
  75  5:33  Refinery  
  75  5:35  Terran Infantry Weapons Level 1  
  75  5:40  Command Center  
  74  5:48  Marauder, Marine  
  74  5:49  Marauder  
  78  6:06  Marine x2  
  78  6:07  SCV x2  
  78  6:10  Marauder x2  
  86  6:17  Barracks  
  86  6:18  Barracks  
  86  6:32  Supply Depot x2, SCV x2, Medivac x2  
  94  6:33  Marauder  
  94  6:42  Marine  
  94  6:44  Marine  
  94  6:51  SCV, Marauder  
  99  6:54  Marauder  
  99  6:57  Supply Depot  
  99  7:01  Marine x2  
  98  7:03  SCV x2  
  101  7:13  Marauder, Orbital Command  
  101  7:15  SCV x2, Marauder  
  106  7:16  Barracks Reactor  
  106  7:18  Barracks Tech Lab  
  106  7:26  Medivac  
  106  7:27  SCV x2, Medivac  
  110  7:31  Marine x2  
  110  7:34  Marauder  
  115  7:37  Marauder  
  115  7:39  SCV  
  115  7:41  Marauder  
  118  7:49  Terran Infantry Armor Level 1, Marine  
  118  7:51  Engineering Bay, SCV x2, Armory  
  119  7:52  SCV  
  119  7:56  Marauder  
  126  7:58  Marauder  
  126  8:07  Marauder, Marine x4  
  132  8:18  Marauder  
  132  8:19  Marine  
  133  8:25  Marine x4  
  122  8:29  Marauder  
  113  8:37  Marauder  
  113  8:38  Marine  
  99  8:43  Marine x4  
  76  8:50  Marauder  
  61  8:57  Marauder  
  61  8:59  Marauder  
  61  9:00  Marine  
  61  9:01  Marine x2  
  68  9:03  Marine  
  68  9:08  Orbital Command  
  55  9:11  Marauder  
  55  9:12  Orbital Command  
  56  9:18  Marauder, Marine x2  
  56  9:20  Marauder  
  49  9:27  Marine x2  
  49  9:29  Medivac x2  
  55  9:33  Marauder  
  55  9:36  Marine x2  
  59  9:40  Marauder  
  59  9:42  Marauder  
Show
View Real Time Build Order
Export as new Build Order

Pumba Protoss - Winner!

Build Orders: 1 Gate Expand, Blink Stalkers 

Get SALT Encoding   

  12  0:00  Probe  
  13  0:12  Probe  
  14  0:17  Pylon  
  14  0:26  Probe (Chrono Boost)  
  15  0:37  Gateway  
  15  0:38  Probe (Chrono Boost)  
  16  0:44  Assimilator  
  16  0:46  Probe (Chrono Boost)  
  17  0:53  Probe  
  18  1:05  Probe  
  19  1:17  Probe  
  20  1:23  Nexus  
  20  1:34  Cybernetics Core  
  20  1:38  Probe  
  21  1:40  Assimilator  
  21  1:50  Probe  
  21  1:52  Pylon  
  22  2:02  Probe  
  22  2:08  Adept (Chrono Boost)  
  23  2:12  Warp Gate  
  23  2:14  Probe  
  26  2:25  Twilight Council  
  26  2:28  Probe (Chrono Boost), Stalker (Chrono Boost)  
  27  2:35  Probe (Chrono Boost)  
  30  2:44  Probe (Chrono Boost)  
  31  2:45  Probe (Chrono Boost)  
  31  2:50  Probe  
  33  2:57  Probe  
  34  3:01  Blink  
  34  3:02  Probe  
  35  3:11  Probe  
  36  3:17  Gateway  
  36  3:20  Gateway  
  36  3:21  Forge  
  36  3:23  Probe x2  
  38  3:35  Probe x2  
  38  3:39  Pylon  
  40  3:47  Probe x2  
  42  3:49  Protoss Ground Weapons Level 1 (Chrono Boost)  
  42  3:59  Nexus, Probe  
  42  4:00  Pylon  
  43  4:03  Probe  
  44  4:11  Probe  
  44  4:14  Stalker x2  
  44  4:15  Probe  
  44  4:17  Stalker  
  52  4:23  Probe  
  51  4:27  Probe  
  52  4:37  Stalker  
  52  4:38  Stalker  
  56  4:39  Probe x2  
  58  4:46  Pylon  
  58  4:48  Stalker  
  58  4:52  Probe x2  
  62  5:01  Charge (Chrono Boost), Pylon  
  62  5:05  Gateway x2, Probe  
  62  5:06  Probe  
  64  5:08  Gateway  
  64  5:14  Gateway  
  64  5:17  Gateway  
  64  5:18  Probe  
  65  5:24  Shield Battery  
  65  5:25  Stalker  
  65  5:28  Stalker  
  68  5:29  Stalker  
  68  5:31  Probe  
  71  5:45  Probe  
  72  5:53  Stalker x3  
  72  5:55  Shield Battery  
  72  5:56  Pylon  
  77  6:00  Pylon  
  77  6:01  Probe, Protoss Ground Armor Level 1 (Chrono Boost), Pylon  
  78  6:26  Zealot x5, Sentry  
  78  6:27  Zealot x2  
  78  6:29  Probe x2  
  78  6:31  Probe  
  97  6:32  Nexus  
  97  6:34  Pylon  
  97  6:41  Probe x2  
  97  6:57  Zealot x4  
  97  6:58  Zealot x4  
  97  6:59  Probe  
  97  7:00  Probe x2  
  116  7:08  Pylon  
  116  7:10  Pylon  
  116  7:13  Pylon  
  116  7:17  Gateway  
  116  7:19  Gateway  
  116  7:22  Gateway x2  
  116  7:25  Shield Battery  
  112  7:38  Pylon  
  112  7:45  Zealot x4  
  112  7:46  Zealot x4  
  112  7:49  Pylon  
  128  7:51  Photon Cannon  
  128  7:53  Protoss Ground Weapons Level 2 (Chrono Boost)  
  128  8:01  Pylon  
  128  8:09  Zealot x8  
  144  8:13  Shield Battery  
  144  8:16  Pylon  
  138  8:28  Zealot x4  
  138  8:31  Zealot x5  
  132  8:49  Probe x2  
  132  8:50  Zealot x3  
  132  8:51  Zealot x2  
  132  8:53  Probe  
  139  9:04  Stargate  
  135  9:17  Gateway  
  135  9:20  Probe x4  
  135  9:22  Pylon  
  139  9:32  Probe x3  
  142  9:39  Robotics Facility  
  130  10:42  Zealot x10  
  148  10:43  Zealot x2  
Tags
 
Add a new tag
Caveats
  • Supply blocks, unpowered buildings, or Contaminate may cause inaccurate times.
  • Supply counts are checked every 10 seconds.